 Dungeon Crawl Stone Soup version 0.19.0-22-gd96e5fe (webtiles) character file.

5230 Peloso the Blocker (level 10, 0/84 HPs)
             Began as a Ghoul Fighter on Nov 19, 2016.
             Was an Elder of Okawaru.
             Slain by a troll (4 damage)
             ... on level 8 of the Dungeon.
             The game lasted 00:31:14 (7445 turns).

Peloso the Blocker (Ghoul Fighter)                  Turns: 7445, Time: 00:31:14

Health: 0/84       AC: 22    Str: 25    XL:     10   Next: 61%
Magic:  8/10       EV: 10    Int:  3    God:    Okawaru [****..]
Gold:   433        SH: 13    Dex: 11    Spells: 0 memorised, 9 levels left

rFire  + . .     SeeInvis .     A - +3 long sword (freeze)
rCold  + . .     Gourm    .     i - +1 plate armour
rNeg   + + +     Faith    .     c - +0 shield
rPois  ∞         Spirit   .     z - +0 helmet
rElec  .         Reflect  .     w - +0 cloak
rCorr  .         Harm     .     y - +0 pair of gloves
MR     .....                    M - +0 pair of boots
Stlth  ..........               (no amulet)
                                r - ring of protection from fire
                                l - +4 ring of strength

@: heroism, rotting
A: rotting body, claws 1, carnivore 3, cold resistance 1, negative energy
resistance 3, slow regeneration 1, torment resistance, unbreathing
a: Heroism, Renounce Religion


You were on level 8 of the Dungeon.
You worshipped Okawaru.
Okawaru was greatly pleased with you.
You were not hungry.

You visited 1 branch of the dungeon, and saw 9 of its levels.

You collected 433 gold pieces.

Inventory:

Hand Weapons
 a - a +1 long sword
 A - a +3 long sword of freezing (weapon)
 F - a +2 falchion
 H - a +4 scimitar
Armour
 c - a +0 shield (worn)
 i - a +1 plate armour (worn)
 w - a +0 cloak (worn)
 y - a +0 pair of gloves (worn)
 z - a +0 helmet (worn)
 M - a +0 pair of boots (worn)
Jewellery
 j - an uncursed ring of magical power
 l - a +4 ring of strength (left hand)
 r - a ring of protection from fire (right hand)
 E - an uncursed ring of stealth
 G - an uncursed ring of fire
Scrolls
 b - 3 scrolls of teleportation
 e - 4 scrolls of amnesia
 h - a scroll of magic mapping
 k - a scroll of enchant armour
 m - a scroll of identify
 q - a scroll of fog
 s - 4 scrolls of remove curse
 t - a scroll of fear
 u - 2 scrolls of immolation
 v - a scroll of enchant weapon
Potions
 d - 2 potions of mutation
 n - 2 potions of agility
 o - a potion of brilliance {unknown}
 p - a potion of might
 x - a potion of beneficial mutation {unknown}
 B - 4 potions of curing
 D - a potion of lignification
 I - a potion of heal wounds {unknown}
Books
 g - Sif Muna's Volume of Combat Magic
   (You found it on level 4 of the Dungeon)

   Spells                             Type                      Level
   a - Magic Dart                     Conjuration                  1
 C - a book of Conjurations

   Spells                             Type                      Level
   a - Magic Dart                     Conjuration                  1
   b - Searing Ray                    Conjuration                  2
   c - Dazzling Spray                 Conjuration/Hexes            3
   d - Fulminant Prism                Conjuration/Hexes            4
   e - Iskenderun's Mystic Blast      Conjuration                  4
   f - Iskenderun's Battlesphere      Conjuration/Charms           5
 J - a book of Misfortune

   Spells                             Type                      Level
   a - Confusing Touch                Hexes                        1
   b - Confuse                        Hexes                        3
   c - Gell's Gravitas                Hexes/Translocation          3
   d - Petrify                        Transmutation/Earth          4
   e - Metabolic Englaciation         Hexes/Ice                    5
   f - Yara's Violent Unravelling     Hexes/Transmutation          5
Comestibles
 f - 3 meat rations


   Skills:
 + Level 6.6(11.6) Fighting
   Level 2.4(10.6) Short Blades
 + Level 8.0(13.2) Long Blades
 + Level 6.6(11.6) Armour
 + Level 1.8(6.8) Dodging
 + Level 1.3(6.3) Stealth
 + Level 8.1(13.1) Shields
 + Level 1.9 Invocations
   Level 1.5 Evocations


You had 9 spell levels left.
You didn't know any spells.

Dungeon Overview and Level Annotations

Branches:
Dungeon (9/15)             Temple (0/1) D:5
   Lair: D:8-11         Orc: D:9-12

Altars:
Cheibriados
Dithmenos
Fedhas
Gozag
Nemelex Xobeh
Okawaru
Sif Muna
Trog
Uskayaw
The Shining One


Innate Abilities, Weirdness & Mutations

Your body is rotting away.
You thrive on raw meat.
You are immune to poison.
You have sharp fingernails.
You are carnivorous and can eat meat at any time.
Your flesh is cold resistant. (rC+)
You are immune to negative energy. (rN+++)
You regenerate slowly when monsters are visible.
You are immune to unholy pain and torment.
You can survive without breathing.


Message History

The troll is heavily wounded.
Your plate armour prevents you from hitting the troll.
The troll is heavily wounded.
You block the troll's attack. The troll claws you but does no damage.
You block the troll's attack.
You slash the troll! You freeze the troll.
The troll is severely wounded.
The troll bites you.
* * * LOW HITPOINT WARNING * * *
You block the troll's attack. The troll claws you but does no damage.
You hit the troll but do no damage.
The troll is severely wounded.
The troll bites you but does no damage. The troll claws you!
* * * LOW HITPOINT WARNING * * *
The troll claws you.
* * * LOW HITPOINT WARNING * * *
You closely miss the troll.
The troll is severely wounded.
You block the troll's attack. The troll claws you.
You die...

...T≈≈≈≈≈≈≈≈≈.≈#
..≈≈.≈.≈;≈≈≈...#
.≈....≈≈≈≈.≈...#
.≈..h.≈.....≈..#
......;......≈.#
........h......#
#####.####h..#####
......###T###.#######
........@## ##......#
#####.###.###.#####.#
# ##.#.## #.# ##.##
#.# ### #.# ##.##
.##########...##
.........#.....##
%#######........#


You could see a troll, a hound and a jackal.

Vanquished Creatures
  A two-headed ogre (D:9)
  Grinder (D:6)
  Prince Ribbit (D:5)
  A hippogriff (D:7)
  Sigmund (D:3)
  4 yaks (D:5)
  Eustachio (D:6)
  A hungry ghost (D:7)
  Menkaure (D:4)
  The ghost of dricus the Firebug, an amateur GrFE (D:3)
  An ice beast (D:6)
  2 orc warriors
  2 sky beasts
  A black bear (D:6)
  2 necrophages (D:6)
  3 ogres
  2 phantoms (D:7)
  3 centaurs
  A gnoll sergeant (D:7)
  3 bullfrogs
  4 killer bees (D:7)
  8 wights (D:8)
  2 crimson imps
  A bullfrog zombie (D:7)
  2 orc priests
  8 hounds
  2 jellies
  4 orc wizards
  Jessica (D:2)
  Ijyb (D:3)
  Natasha (thrice) (D:2)
  An iguana (D:7)
  5 worker ants
  A hound zombie (D:5)
  4 worker ant zombies
  Robin (D:3)
  5 gnolls (D:7)
  3 adders
  2 shadow imps (D:6)
  An ooze (D:1)
  An adder zombie (D:6)
  2 adder skeletons
  4 worms
  4 leopard geckos
  20 orcs
  5 bats
  3 giant cockroaches
  11 goblins
  6 hobgoblins
  8 jackals
  8 kobolds
  3 quokkas
  4 frilled lizards (D:1)
  9 rats
180 creatures vanquished.

Notes
Turn   | Place    | Note
-------+----------+-------------------------------------------
     0 | D:1      | Peloso the Ghoul Fighter began the quest for the Orb.
     0 | D:1      | Reached XP level 1. HP: 19/19 MP: 0/0
    68 | D:1      | Reached XP level 2. HP: 25/25 MP: 1/1
   304 | D:1      | Reached XP level 3. HP: 23/31 MP: 2/2
   830 | D:2      | Noticed Jessica
   840 | D:2      | Killed Jessica
   840 | D:2      | Reached XP level 4. HP: 36/40 MP: 3/3
   890 | D:2      | Noticed Natasha
   912 | D:2      | Killed Natasha
  1047 | D:2      | Noticed Natasha
  1053 | D:2      | Killed Natasha
  1217 | D:2      | Noticed Natasha
  1233 | D:2      | Killed Natasha
  1233 | D:2      | Reached XP level 5. HP: 12/46 MP: 4/4
  1441 | D:3      | Noticed dricus's ghost (amateur GrFE)
  1442 | D:3      | Found a blossoming altar of Fedhas.
  1460 | D:3      | Killed dricus's ghost
  1460 | D:3      | Reached XP level 6. HP: 26/51 MP: 5/5
  1708 | D:3      | Noticed Sigmund
  1717 | D:3      | Killed Sigmund
  1736 | D:3      | Noticed Ijyb
  1760 | D:3      | Killed Ijyb
  1781 | D:3      | Reached XP level 7. HP: 53/60 MP: 6/6
  1796 | D:3      | Found an iron altar of Okawaru.
  1823 | D:3      | Became a worshipper of Warmaster Okawaru
  2006 | D:3      | Found a faded altar of an unknown god.
  2012 | D:3      | Noticed Robin
  2058 | D:3      | Killed Robin
  2281 | D:4      | Found a hide-covered altar of Uskayaw.
  2284 | D:4      | Noticed a dagger
  2284 | D:4      | Noticed a hand axe
  2296 | D:4      | Noticed Menkaure
  2313 | D:4      | Killed Menkaure
  2607 | D:4      | Found a glowing golden altar of the Shining One.
  2664 | D:4      | Found a deep blue altar of Sif Muna.
  2689 | D:4      | Reached skill level 5 in Shields
  2690 | D:4      | Reached * piety under Okawaru
  2928 | D:4      | Identified Sif Muna's Volume of Combat Magic
  2933 | D:5      | Entered Level 5 of the Dungeon
  2944 | D:5      | Found a snail-covered altar of Cheibriados.
  2964 | D:5      | Noticed Prince Ribbit
  2971 | D:5      | Reached XP level 8. HP: 67/67 MP: 7/7
  3019 | D:5      | Found an opulent altar of Gozag.
  3029 | D:5      | Reached skill level 5 in Long Blades
  3143 | D:5      | Found a staircase to the Ecumenical Temple.
  3241 | D:5      | Noticed a moth of wrath
  3243 | D:5      | Found a bloodstained altar of Trog.
  3425 | D:5      | Killed Prince Ribbit
  3425 | D:5      | Reached skill level 5 in Fighting
  3425 | D:5      | Reached skill level 1 in Dodging
  3768 | D:6      | Noticed a yak
  3768 | D:6      | Noticed a yak
  3769 | D:6      | Noticed a yak
  3770 | D:6      | Noticed Grinder
  3770 | D:6      | Noticed a yak
  3877 | D:5      | Killed a yak
  3877 | D:5      | Reached ** piety under Okawaru
  3877 | D:5      | Reached skill level 1 in Short Blades
  3877 | D:5      | Reached skill level 1 in Evocations
  4033 | D:5      | Killed a yak
  4033 | D:5      | Reached skill level 5 in Armour
  4033 | D:5      | Reached XP level 9. HP: 14/74 MP: 8/8
  4381 | D:5      | Reached skill level 1 in Invocations
  5195 | D:6      | Noticed Eustachio
  5305 | D:6      | Killed Eustachio
  5319 | D:6      | Found a shadowy altar of Dithmenos.
  5432 | D:6      | Found a sparkling altar of Nemelex Xobeh.
  5621 | D:6      | Killed Grinder
  5621 | D:6      | Reached *** piety under Okawaru
  5621 | D:6      | Reached skill level 1 in Stealth
  6035 | D:7      | Reached XP level 10. HP: 83/83 MP: 10/10
  6835 | D:7      | Reached **** piety under Okawaru
  7187 | D:7      | You fall through a shaft for 2 floors!
  7444 | D:8      | HP: 4/84 [troll (4)]
  7445 | D:8      | Slain by a troll

Skill      XL: |  1  2  3  4  5  6  7  8  9 10 |
---------------+-------------------------------+-----
Shields        | 3 4 5 6 7 8 |  8.1
Long Blades    | 2 3 4 6 8 |  8.0
Fighting       | 4 5 6 |  6.6
Armour         | 3 4 5 6 |  6.6
Dodging        | 1 |  1.8
Short Blades   | 1 2 |  2.4
Evocations     | 1 |  1.5
Invocations    | 1 |  1.9
Stealth        | 1 |  1.3

Action                   |  1- 3 |  4- 6 |  7- 9 | 10-12 || total
-------------------------+-------+-------+-------+-------++-------
Melee: Long sword        |   136 |   131 |   382 |   259 ||   908
       Dagger            |       |       |   430 |       ||   430
Invok: Heroism           |       |       |    13 |     5 ||    18
Evoke: Wand              |       |       |    19 |       ||    19
  Use: Potion            |       |     1 |       |       ||     1
       Scroll            |       |       |    18 |     2 ||    20
  Eat: Chunk             |     4 |     7 |    28 |    10 ||    49
Armor: Scale mail        |    15 |       |       |       ||    15
       Plate armour      |   117 |    81 |   436 |   143 ||   777
Dodge: Dodged            |    27 |    24 |   150 |    69 ||   270
Block: Shield            |    90 |    63 |   395 |   158 ||   706
       Rpst.: Long sword |    14 |     9 |    21 |    22 ||    66
